 Dungeon Crawl Stone Soup version 0.15-a0-1828-g04ddf54 (webtiles) character file.

1537 Moloch the Spear-Bearer (level 8, -3/61 HPs)
             Began as a Centaur Death Knight on July 2, 2014.
             Was a Priest of Yredelemnul.
             Slain by a killer bee (5 damage)
             ... on Level 6 of the Dungeon.
             The game lasted 01:07:31 (7089 turns).

Moloch the Spear-Bearer (Centaur Death Knight)      Turns: 7089, Time: 01:07:31

HP  -3/61        AC  6     Str 16      XL: 8   Next: 56%
MP  10/10        EV  7     Int 12      God: Yredelemnul [***...]
Gold 378         SH  0     Dex  9      Spells:  0 memorised,  7 levels left

rFire  . . .     SeeInvis .     a - +3 spear
rCold  . . .     Clarity  .     i - +1 ring mail
rNeg   . . .     rCorr    .     (no shield)
rPois  .         rRot     .     (no helmet)
rElec  .         Spirit   .     (no cloak)
SustAb .         Warding  .     (no gloves)
rMut   .         Stasis   .     (no barding)
Gourm  .                        (no amulet)
MR     .....                    (no ring)
                                h - ring of regeneration

@: lethally poisoned, very quick, not resistant to hostile enchantments,
extremely unstealthy
A: hooves 3, deformed body, speed 2, tough skin 3
a: Animate Dead, Recall Undead Slaves, Injury Mirror, Renounce Religion


You were on level 6 of the Dungeon.
You worshipped Yredelemnul.
Yredelemnul was most pleased with you.
You were not hungry.

You visited 2 branches of the dungeon, and saw 8 of its levels.
You also visited: Ossuary.

You collected 378 gold pieces.

Inventory:

Hand weapons
 a - a +3 spear (weapon)
Armour
 f - a +0 chain mail
 i - a +1 ring mail (worn)
Magical devices
 d - a wand of enslavement (1)
 s - a wand of polymorph (11)
Comestibles
 b - 2 meat rations
 c - 5 bread rations
Scrolls
 l - 3 scrolls of identify
 m - a scroll of recharging
Jewellery
 h - a ring of regeneration (left hand)
 n - an uncursed amulet of guardian spirit
Potions
 e - 2 potions of poison {unknown}
 j - a potion of resistance {unknown}
 k - a potion of brilliance {unknown}
 o - a potion of berserk rage {unknown}
 p - 3 potions of haste {unknown}
 q - a potion of paralysis {unknown}
 r - a potion of heal wounds {unknown}
 t - 3 potions of flight {unknown}


   Skills:
 - Level 2.0 Fighting
 * Level 10.0 Polearms
 - Level 0.6 Armour
 - Level 0.6 Dodging
 - Level 3.0 Invocations


You had 7 spell levels left.
You didn't know any spells.

Dungeon Overview and Level Annotations

Branches:
Dungeon (7/15)             Temple (1/1) D:5

Altars:
Ashenzari
Cheibriados
Dithmenos
Elyvilon
Fedhas
Gozag
Kikubaaqudgha
Makhleb
Nemelex Xobeh
Okawaru
Qazlal
Sif Muna
Trog
Xom
Yredelemnul
Zin

Shops:
D:4 =


Innate Abilities, Weirdness & Mutations

You have hooves in place of feet.
Armour fits poorly on your strangely shaped body.
You cover ground very quickly.
You have extremely tough skin (AC +3).


Message History

* * * LOW HITPOINT WARNING * * *
Drink which item? (? for menu, Esc to quit)
You feel better. The killer bee stings you.
* * * LOW HITPOINT WARNING * * *
You are poisoned.
The killer bee poisons you! The killer bee stings your ogre zombie.
The killer bee stings you.
* * * LOW HITPOINT WARNING * * *
You are lethally poisoned!
The killer bee poisons you!
The killer bee stings you but does no damage.
The killer bee stings your ogre zombie! The killer bee stings you.
* * * LOW HITPOINT WARNING * * *
You are too injured to fight recklessly!
You miss the killer bee. Your kick misses the killer bee.
* * * LOW HITPOINT WARNING * * *
You feel sick. The killer bee closely misses you.
The killer bee stings your ogre zombie. The killer bee stings you.
You die...
Your body rises from the dead as a mindless zombie.

##### ##.#.##.# ## ####...###
##.#..##.# #.
#####........###.....##.# ##
###...................###.# ##
###.....................###.# #.
#.......................##..# ##.
.##.....................##..###..
###..................>..#........
##..............@......%........#
##.............yyy.............##
##.............Z.#............##
................#.........)...#
..............>...............##
#..............................##
#...............................#
..................#######........
#................## ##.......


You could see 3 killer bees and a friendly ogre zombie.

Vanquished Creatures
  The ghost of BluebellGnoll the Basher, an experienced OgHu of Okawaru (D:4)
  Grinder (D:4)
  Eustachio (D:6)
  An ogre (D:6)
  A phantom (D:6)
  An elf zombie (Ossuary)
  An iron imp (D:6)
  An orc priest (D:6)
  A giant frog skeleton (D:4)
  A jelly (D:5)
  A centaur skeleton (D:6)
  An orc wizard (D:4)
  An iguana (D:6)
  3 worker ants
  A big kobold zombie (Ossuary)
  A hound zombie (Ossuary)
  4 mummies (Ossuary)
  2 orc zombies
  3 gnolls (D:3)
  8 adders
  A worm (D:5)
  An adder zombie (Ossuary)
  An orc skeleton (D:4)
  3 giant geckos
  An ooze (D:1)
  10 orcs
  17 bats
  A bat skeleton (D:4)
  2 giant cockroaches (D:3)
  3 gnoll zombies (Ossuary)
  15 hobgoblins
  3 jackals (D:3)
  2 quokkas
  A giant gecko skeleton (D:5)
  A giant gecko zombie (D:6)
  4 giant newts
  5 goblins
  A goblin skeleton (D:5)
  2 hobgoblin zombies (Ossuary)
  8 kobolds
  2 kobold zombies (Ossuary)
  12 rats
131 creatures vanquished.

Vanquished Creatures (collateral kills)
  A goliath beetle (D:6)
  A hound (D:6)
  2 worker ants (D:4)
  An ogre skeleton (D:5)
  2 adders (D:3)
  A giant gecko (D:2)
  4 orcs
  A hobgoblin (D:3)
  2 kobolds (D:2)
  A quokka (D:2)
  3 goblins
  A rat (D:2)
20 creatures vanquished.

Vanquished Creatures (others)
  A hound zombie (D:6)
  5 worker ant zombies
  2 adder zombies (D:3)
  An iguana zombie (D:6)
  4 bat zombies
  A gnoll zombie (D:3)
  A giant cockroach zombie (D:3)
  2 giant gecko zombies (D:2)
  2 giant newt zombies
  2 goblin zombies
  6 hobgoblin zombies
  3 kobold zombies
  6 orc zombies
  3 rat zombies
39 creatures vanquished.

Grand Total: 190 creatures vanquished

Notes
Turn   | Place    | Note
--------------------------------------------------------------
     0 | D:1      | Moloch, the Centaur Death Knight, began the quest for the Orb.
     0 | D:1      | Reached XP level 1. HP: 17/17 MP: 2/2
   262 | D:1      | Reached XP level 2. HP: 22/24 MP: 3/3
  1230 | D:2      | Reached XP level 3. HP: 25/29 MP: 3/5
  1683 | D:2      | Acquired Yredelemnul's second power
  2343 | D:2      | Found a white marble altar of Elyvilon.
  2418 | D:2      | Reached XP level 4. HP: 33/36 MP: 5/5
  2701 | D:3      | Reached skill level 4 in Polearms
  3233 | D:3      | Reached XP level 5. HP: 41/41 MP: 7/7
  3710 | D:4      | Found Rehyej's Jewellery Shoppe.
  3745 | D:4      | Reached skill level 5 in Polearms
  3866 | D:4      | Found a shadowy altar of Dithmenos.
  3920 | D:4      | Noticed BluebellGnoll's ghost (experienced OgHu)
  3945 | D:4      | Killed BluebellGnoll's ghost
  3945 | D:4      | Reached skill level 7 in Polearms
  3945 | D:4      | Reached XP level 6. HP: 37/48 MP: 8/8
  3945 | D:4      | Reached XP level 7. HP: 42/55 MP: 9/9
  4007 | D:4      | Found a deep blue altar of Sif Muna.
  4709 | D:5      | Entered Level 5 of the Dungeon
  4784 | D:5      | Noticed Grinder
  4829 | D:4      | Killed Grinder
  4829 | D:4      | Reached skill level 8 in Polearms
  4935 | D:5      | Found a staircase to the Ecumenical Temple.
  4949 | Temple   | Entered the Ecumenical Temple
  5262 | D:5      | Found a shimmering altar of Xom.
  5282 | D:5      | Found a basalt altar of Yredelemnul.
  5610 | D:6      | Found a sand-covered staircase.
  5615 | Ossuary  | Entered an ossuary
  5715 | Ossuary  | Reached XP level 8. HP: 56/61 MP: 10/10
  5978 | D:6      | Reached skill level 9 in Polearms
  6174 | D:6      | Acquired Yredelemnul's third power
  6362 | D:6      | Found an opulent altar of Gozag.
  6363 | D:6      | Noticed Eustachio
  6405 | D:6      | Killed Eustachio
  6417 | D:6      | Found a bloodstained altar of Trog.
  6431 | D:6      | Found a snail-covered altar of Cheibriados.
  6434 | D:6      | Found a sparkling altar of Nemelex Xobeh.
  6708 | D:6      | Reached skill level 10 in Polearms
  7087 | D:6      | HP: 2/61 [killer bee (3)]
  7089 | D:6      | Slain by a killer bee

Action                   |  1- 3 |  4- 6 |  7- 9 || total
-------------------------+-------+-------+-------++-------
Melee: Spear             |   165 |   140 |   291 ||   596
Invok: Animate Remains   |    18 |    15 |    13 ||    46
       Animate Dead      |       |       |     6 ||     6
Evoke: Wand              |       |       |     3 ||     3
  Use: Scroll            |     7 |     4 |    10 ||    21
       Potion            |       |       |     6 ||     6
 Stab: Distracted        |     1 |       |       ||     1
